AoeStats
← Chiripa605

Pilgrims

509914383Analyzed
3v3 RM · 3d ago on Sep 28, 2026· 33m 3s· 6 players
Game mode
Random Map
Map size
Normal (6 player)
Population
200
Speed
Normal
Resources
Standard
Victory
Conquest
Starting age
Dark Age
Ending age
Imperial Age
RankedLock teamsTeams togetherTeam positionsShared explorationLock speedFull tech treeHidden civsTurbo modeCheats
Victory
Defeat
🇩🇪 Byzantines · Germany
1437
+14
🇫🇷 Malians · France
1419
+14
🇫🇷 Lithuanians · France
1416
+14
🇺🇸 Bohemians · United States
1440
-16
🇺🇸 Saracens · United States
1359
-13
🇩🇪 Danes · Germany
1346
-13
TARBA-BAR
5:27 Loom
12:16 Feudal Age
16:11 Castle Age
26:16 Wheelbarrow
28:53 Imperial Age
32:38 Conscription
mode maelle
11:18 Feudal Age
11:48 Double-Bit Axe
11:56 Gold Mining
14:19 Forging
18:42 Castle Age
16:40 Fishing Lines
19:41 Medium Warships
21:18 Iron Casting
21:48 Bow Saw
22:53 Clinker Construction
24:31 Careening
24:58 Gillnets
24:55 Loom
27:10 Fletching
28:16 Bodkin Arrow
29:51 Ballistics
30:33 Wheelbarrow
30:45 Gold Shaft Mining
30:03 Stone Mining
29:59 Horse Collar
33:32 Hand Cart
DH
4:50 Loom
10:00 Feudal Age
10:44 Double-Bit Axe
15:31 Fishing Lines
18:25 Castle Age
19:43 Bow Saw
26:22 Scale Barding Armor
28:27 Devotion
28:52 Horse Collar
Blackfish
7:12 Loom
10:37 Feudal Age
14:30 Castle Age
14:25 Double-Bit Axe
15:24 Bow Saw
15:49 Medium Warships
28:26 Wheelbarrow
Hamstring Cramp
12:19 Feudal Age
12:52 Double-Bit Axe
14:42 Fletching
17:21 Castle Age
15:18 Gold Mining
18:27 Medium Warships
18:18 Bodkin Arrow
19:48 Ballistics
29:30 Wheelbarrow
28:41 Loom
28:41 Town Watch
32:17 Horse Collar
35:37 Imperial Age
Chiripa605
4:17 Loom
11:22 Feudal Age
11:54 Double-Bit Axe
13:47 Forging
13:39 Scale Mail Armor
19:06 Castle Age
19:07 Fishing Lines
20:15 Medium Warships
20:31 Bow Saw
21:16 Iron Casting
23:18 Wheelbarrow
22:42 Town Watch
24:58 Chain Mail Armor
27:08 Fletching
31:41 Imperial Age
30:18 Clinker Construction
31:34 Careening
33:01 Block Printing
33:26 Heavy Warships
Connection lost

Rejoining the realm…

Still unreachable

The connection could not be restored.

Session expired

The server has moved on; the page needs a fresh start.